Map: New Repugnancy LE

Players

RagnarLotbrk - Winner!

  • Race: Terran Terran
  • League: Master
  • Spawn Location: 7:00

A.I. 2 (Elite)

  • Race: Protoss Protoss
  • Spawn Location: 1:00

VOD

Have the link to the VOD?

Description

Time

  • Played on: July 6, 2019, 3:34 p.m.
  • Length: 11:20
Show
View Real Time Build Order
Export as new Build Order

RagnarLotbrk Terran - Winner!

Build Orders:  

Get SALT Encoding   

  12  0:01  SCV  
  13  0:13  SCV  
  14  0:17  Supply Depot  
  14  0:25  SCV  
  14  0:28  Refinery  
  15  0:39  SCV  
  16  0:45  Barracks  
  16  0:51  SCV  
  17  1:03  SCV  
  18  1:15  SCV  
  19  1:32  Barracks Reactor  
  19  1:34  Orbital Command  
  19  1:47  Command Center  
  19  1:58  Supply Depot  
  19  2:01  SCV  
  20  2:10  Marine x2  
  20  2:15  SCV  
  23  2:19  Barracks  
  23  2:27  SCV  
  23  2:29  Marine x2  
  26  2:47  Barracks  
  26  2:54  Marine x2  
  26  2:57  SCV  
  29  3:03  Orbital Command  
  29  3:07  Barracks Tech Lab  
  29  3:09  SCV  
  30  3:14  Marine x2  
  32  3:23  Engineering Bay  
  32  3:26  SCV, Marine  
  34  3:27  Stimpack  
  34  3:30  SCV  
  35  3:35  Marine  
  35  3:36  Marine  
  35  3:37  Marine  
  35  3:39  SCV  
  39  3:43  Supply Depot  
  39  3:45  Marine  
  39  3:47  SCV  
  41  3:51  SCV  
  41  3:52  Marine  
  41  3:54  Marine  
  44  3:56  Barracks Tech Lab  
  44  3:57  Terran Infantry Weapons Level 1  
  44  3:59  SCV  
  45  4:03  SCV  
  45  4:05  Marauder  
  45  4:06  Supply Depot  
  48  4:10  Marine  
  48  4:11  SCV  
  48  4:12  Marine  
  48  4:13  Missile Turret  
  51  4:21  Combat Shield  
  51  4:22  Marauder  
  53  4:28  Marine  
  53  4:29  Missile Turret, Marauder  
  53  4:30  Marine  
  57  4:35  SCV x2  
  59  4:39  Supply Depot  
  61  4:45  Marauder  
  61  4:57  Marine  
  62  5:01  Marauder, Marine  
  62  5:02  Supply Depot  
  62  5:03  SCV x2  
  62  5:04  Supply Depot  
  69  5:07  Marauder  
  69  5:19  Marine  
  70  5:23  Marine  
  70  5:27  Marauder  
  73  5:30  SCV x2  
  73  5:34  Concussive Shells  
  75  5:37  Refinery x2  
  75  5:41  Barracks  
  75  5:42  Factory  
  75  5:43  Command Center, Barracks  
  75  5:45  Marine x2  
  77  5:50  SCV x2  
  79  5:57  Marauder, Marine  
  79  6:03  Marine  
  63  6:12  SCV, Marine  
  63  6:15  Marauder  
  66  6:18  Marauder  
  66  6:20  SCV  
  66  6:21  Marine  
  66  6:25  SCV  
  71  6:31  Starport, Barracks Reactor, Barracks Tech Lab  
  67  6:33  SCV  
  67  6:37  SCV  
  67  6:38  Supply Depot, Marine  
  67  6:39  Refinery, Marauder  
  72  6:40  Supply Depot  
  72  6:45  Factory Reactor, SCV  
  69  6:49  SCV  
  69  6:51  Marauder x2, Marine  
  73  6:57  SCV  
  73  7:00  Orbital Command  
  75  7:01  SCV  
  75  7:02  Marine  
  76  7:09  SCV  
  76  7:13  Missile Turret, SCV, Terran Infantry Armor Level 1  
  78  7:16  Engineering Bay  
  78  7:21  SCV  
  79  7:26  SCV x2  
  81  7:30  Medivac x2  
  81  7:31  Supply Depot  
  81  7:32  Marine  
  81  7:33  SCV, Marine x4  
  81  7:34  Factory Reactor  
  91  7:38  SCV  
  91  7:40  SCV, Marauder x2  
  97  7:45  SCV, Supply Depot  
  97  7:48  Armory  
  98  7:51  SCV  
  98  7:52  SCV  
  98  7:53  Missile Turret  
  98  7:55  Supply Depot x2, Marine  
  98  7:56  Marine x3  
  105  8:02  Marauder x3  
  105  8:05  Medivac  
  112  8:07  Medivac  
  112  8:11  SCV x3  
  117  8:14  Refinery  
  117  8:18  Missile Turret  
  117  8:19  Supply Depot, Widow Mine  
  121  8:20  Widow Mine  
  121  8:23  SCV x2  
  123  8:27  Marine x2  
  123  8:28  Marauder x3, Marine x2  
  133  8:35  SCV  
  128  8:43  SCV, Medivac, Widow Mine x2  
  128  8:44  SCV  
  128  8:45  Marine x3  
  137  8:49  Marine  
  137  8:50  Marauder x3  
  145  8:57  Refinery  
  145  8:59  Supply Depot  
  145  9:01  Supply Depot  
  144  9:03  Marine  
  144  9:06  Medivac, Widow Mine x2  
  151  9:11  Marauder, Command Center  
  153  9:32  Marine x4  
  153  9:33  Medivac, Widow Mine  
  153  9:36  Medivac  
  168  9:38  SCV x2  
  168  9:39  SCV  
  166  9:50  SCV, Marine  
  166  9:51  Marauder, Marine x3  
  173  9:53  Supply Depot  
  173  9:54  Supply Depot  
  173  9:56  Supply Depot  
  173  10:04  SCV x2  
  173  10:05  SCV, Marauder, Widow Mine x2  
  182  10:07  Missile Turret  
  182  10:49  Refinery x2  
  182  10:51  Supply Depot  
  182  10:52  Supply Depot  
  182  10:53  Missile Turret  
  182  10:58  Starport, Fusion Core  
  182  11:00  Factory  
  182  11:02  Command Center, Supply Depot  
Show
View Real Time Build Order
Export as new Build Order

A.I. 2 (Elite) Protoss 

Build Orders:  

Get SALT Encoding   

  12  0:00  Probe  
  13  0:13  Probe  
  14  0:20  Pylon  
  14  0:25  Probe  
  15  0:34  Probe  
  15  0:42  Probe  
  16  0:49  Assimilator  
  17  0:51  Gateway  
  17  0:52  Probe  
  18  1:00  Probe  
  18  1:02  Pylon  
  18  1:08  Probe  
  20  1:18  Probe  
  21  1:31  Probe  
  22  1:40  Zealot  
  22  1:43  Probe  
  25  1:49  Nexus  
  25  2:02  Cybernetics Core  
  25  2:12  Gateway  
  25  2:14  Zealot  
  25  2:18  Pylon  
  25  2:25  Probe  
  25  2:29  Warp Gate  
  28  2:37  Probe, Assimilator  
  29  2:45  Adept  
  29  2:50  Probe, Adept  
  32  3:01  Pylon  
  32  3:02  Probe  
  32  3:03  Probe  
  36  3:15  Adept  
  36  3:19  Stalker  
  40  3:28  Probe  
  41  3:37  Gateway  
  41  3:38  Probe  
  42  3:44  Stalker  
  42  3:45  Stalker  
  42  3:47  Probe  
  45  3:55  Probe  
  48  3:59  Probe  
  49  4:07  Probe  
  49  4:08  Probe  
  50  4:16  Probe  
  51  4:19  Probe  
  51  4:21  Stalker  
  51  4:23  Stalker  
  57  4:25  Probe  
  57  4:31  Probe, Stalker  
  61  4:35  Pylon  
  61  4:40  Pylon  
  61  4:53  Probe x2, Stalker x2  
  61  4:57  Stalker  
  69  5:02  Probe  
  69  5:05  Probe  
  71  5:07  Pylon  
  71  5:10  Probe, Pylon  
  71  5:16  Stalker  
  71  5:17  Probe, Stalker  
  71  5:19  Probe  
  77  5:25  Stalker  
  80  5:29  Probe  
  80  5:30  Pylon  
  80  5:31  Probe  
  80  5:33  Stalker  
  84  5:39  Stalker  
  84  5:41  Probe  
  87  5:43  Probe  
  87  5:46  Twilight Council  
  87  5:48  Stalker  
  90  5:52  Pylon  
  90  5:53  Probe  
  90  5:54  Stalker  
  93  6:03  Zealot  
  59  6:11  Zealot  
  53  6:19  Zealot  
  53  6:23  Zealot  
  47  6:26  Templar Archives  
  47  6:29  Probe  
  31  6:33  Probe  
  32  6:42  Probe  
  32  6:45  Probe  
  33  6:54  Probe  
  34  6:57  Probe, Assimilator  
  34  6:58  Adept, Zealot  
  34  6:59  Assimilator  
  39  7:04  High Templar  
  39  7:06  Probe  
  42  7:09  Probe  
  43  7:16  Probe  
  43  7:18  Stalker x2  
  43  7:21  Probe  
  49  7:24  Probe  
  49  7:29  Stalker  
  52  7:32  Probe  
  52  7:33  Probe  
  54  7:41  Adept, Sentry  
  58  7:45  Probe  
  58  7:46  Probe  
  58  7:49  High Templar  
  62  7:51  Robotics Facility  
  62  7:58  Probe x2  
  63  8:02  Stalker  
  63  8:04  Stalker  
  68  8:07  Archon  
  68  8:10  Probe  
  68  8:11  Probe  
  70  8:21  Probe  
  70  8:22  Probe, High Templar  
  70  8:23  High Templar  
  70  8:25  Forge  
  76  8:28  Forge  
  76  8:31  Nexus  
  76  8:34  Stalker  
  76  8:39  Observer  
  47  8:48  Stalker  
  47  8:54  Zealot  
  46  8:57  High Templar  
  31  9:11  Adept  
  20  9:28  High Templar  
  22  9:35  Zealot  
  16  10:04  Zealot  
  18  10:13  Probe  
  3  10:25  Probe  
  4  10:37  Probe  
  5  10:49  Probe  
  5  11:01  Probe  
Tags
 
Add a new tag
Caveats
  • Supply blocks, unpowered buildings, or Contaminate may cause inaccurate times.
  • Supply counts are checked every 10 seconds.